 Dungeon Crawl Stone Soup version 0.31-a0-828-gb7646bb5e3 (webtiles) character file.

Game seed: 614023567255800409

12121 Icebitter the Cleaver (level 11, -7/151 HPs)
             Began as a Minotaur Berserker on Sept 24, 2023.
             Was a High Priest of Trog.
             Mangled by an orc warrior
             ... wielding a +0 glaive
             ... led by an orc knight
              (14 damage)
             ... on level 2 of the Orcish Mines.
             The game lasted 00:35:18 (9256 turns).

Icebitter the Cleaver (Minotaur Berserker)          Turns: 9256, Time: 00:35:19

Health: -7/151     AC: 16    Str: 26    XL:     11   Next: 58%
Magic:  10/10      EV: 14    Int:  4    God:    Trog [*****.]
Gold:   791        SH:  0    Dex: 10    Spells: 10/10 levels left

rFire   . . .        e - +2 broad axe (freeze)
rCold   + . .        (no shield)
rNeg    . . .        m - +0 plate armour
rPois   .            (helmet restricted)
rElec   .            z - +0 cloak
rCorr   .            c - +0 pair of gloves
SInv    .            (no boots)
Will    .....        p - amulet of the acrobat Stlth
                     d - ring of protection from cold
HPRegen 0.45/turn    E - +5 ring of evasion
MPRegen 0.12/turn

%: acrobat
@: berserking (expiring), very quick
A: horns 2, retaliatory headbutt
a: Renounce Religion, Berserk, Trog's Hand, Brothers in Arms


You were on level 2 of the Orcish Mines.
You worshipped Trog.
Trog was extremely pleased with you.
You visited 2 branches of the dungeon, and saw 12 of its levels.

You collected 831 gold pieces.
You spent 40 gold pieces at shops.

Inventory:

Hand Weapons
 a - a +1 hand axe
 e - a +2 broad axe of freezing (weapon)
 v - a +0 dire flail
Missiles
 y - 3 throwing nets
Armour
 c - a +0 pair of gloves (worn)
 m - a +0 plate armour (worn)
 q - +0 steam dragon scales
 z - a +0 cloak (worn)
Jewellery
 d - a ring of protection from cold (left hand)
 p - an amulet of the acrobat (around neck)
 t - a ring of protection from cold
 A - a ring of protection from fire
 E - a +5 ring of evasion (right hand)
Wands
 s - a wand of polymorph (3)
Scrolls
 b - a scroll of identify
 f - a scroll of fog
 h - 2 scrolls of butterflies
 i - 3 scrolls of poison
 j - 3 scrolls of teleportation
 k - 2 scrolls of enchant weapon
 l - 3 scrolls of blinking
 n - a scroll of immolation
 o - a scroll of fear
 F - a scroll of brand weapon
Potions
 g - 3 potions of enlightenment
 r - 2 potions of haste {unknown}
 u - 2 potions of ambrosia
 w - 6 potions of curing
 x - 3 potions of attraction {unknown}
 B - a potion of berserk rage {unknown}
 C - a potion of mutation {unknown}
 D - a potion of lignification {unknown}
 G - a potion of resistance {unknown}
 H - a potion of brilliance {unknown}


   Skills:
 + Level 10.5 Fighting
 + Level 12.5(14.2) Axes
 + Level 11.3(13.7) Maces & Flails
 + Level 7.7 Armour
 + Level 7.7 Dodging
 + Level 2.0 Stealth


You had 10 spell levels left.
You didn't know any spells.
Your spell library was empty.

Dungeon Overview and Level Annotations

Branches:
Dungeon (10/15)            Temple (0/1) D:4            Lair (0/5) D:8
    Orc (2/2) D:10
    Elf: Orc:2

Altars:
Xom

Shops:
D:2 ?


Innate Abilities, Weirdness & Mutations

You have a pair of horns on your head.
You reflexively headbutt those who attack you in melee.


Message History

The orc warrior closely misses you.
You barely miss the orc knight.
The orc warrior hits you from afar with a +0 glaive!
* * * LOW HITPOINT WARNING * * *
You closely miss the orc knight.
The orc knight roars a battlecry!
The orc warrior goes into a battle-frenzy!
You hear a shout!
You slash the orc knight! You freeze the orc knight.
The orc knight is moderately wounded.
You hear a shout! x2
The orc warrior barely misses you. The orc knight misses you.
You barely miss the orc knight.
The orc knight is moderately wounded.
The orc warrior closely misses you.
You slash the orc knight! You freeze the orc knight.
Your headbutt misses the orc knight.
The orc knight is heavily wounded.
The orc knight hits you with a +0 great sword!
* * * LOW HITPOINT WARNING * * *
An orc warrior comes into view. It is wielding a +0 halberd.
You barely miss the orc knight. You headbutt the orc knight.
The orc knight is heavily wounded.
The orc knight no longer looks unusually strong.
The orc warrior hits you from afar with a +0 glaive.
* * * LOW HITPOINT WARNING * * *
The orc knight misses you.
You slice the orc knight!! You freeze the orc knight!
You kill the orc knight!
Trog accepts your kill.
The orc warrior hits you from afar with a +0 glaive!
* * * LOW HITPOINT WARNING * * *
The ogre barely misses you.
Items here: )) [[ †.
You slice the ogre!! You freeze the ogre!
You kill the ogre!
Trog accepts your kill.
You barely miss the orc warrior.
The orc warrior hits you with a +0 glaive!
You die...

.... #..# #..# #..# ...#
#..##+### #o....... #.#
#......... ###T###@#
#......... ...ohTo)#
#......... ###o###)#
#......... #. #)#
#.........
###.###.#######.........
..O...)...............[.
....o................[..
.##................)).)[
.#..................))<)


You could see a troll, a warg, 3 orc warriors and an orc.

Vanquished Creatures
  Harold (Orc:1)
  A two-headed ogre (D:10)
  2 orc knights (Orc:2)
  Pikel (D:7)
  Jeremiah (D:9)
  3 trolls
  2 hornets (D:9)
  A wyvern (D:10)
  A shadow (D:9)
  A wraith (D:9)
  Grum (D:9)
  3 steam dragons
  8 vampire mosquitoes
  6 wargs
  Duvessa (D:4)
  2 black bears
  2 ice beasts
  2 sky beasts (D:6)
  6 orc warriors
  10 ogres
  A centaur (D:8)
  3 wolves (D:9)
  A lemure (D:7)
  Blork the orc (D:4)
  A kobold brigand (D:9)
  3 bullfrogs
  2 scorpions (D:6)
  A gnoll sergeant (D:5)
  8 wights (D:10)
  Dowan (D:4)
  2 howler monkeys (D:9)
  10 orc priests
  3 hounds
  2 gnoll boudas
  5 iguanas
  11 orc wizards
  A sleepcap (D:7)
  Natasha (thrice) (D:3)
  Terence (D:2)
  Robin (D:4)
  15 gnolls
  3 adders
  A white imp (D:7)
  A worm (D:4)
  A dart slug (D:2)
  35 orcs
  9 ball pythons
  3 endoplasms
  6 giant cockroaches
  15 goblins
  9 hobgoblins
  12 jackals
  11 kobolds
  4 quokkas
  6 bats
  5 frilled lizards
  7 rats
259 creatures vanquished.

Vanquished Creatures (collateral kills)
  An orc knight (Orc:2)
  An orc sorcerer (Orc:1)
  An orc warrior (Orc:2)
  An orc wizard (Orc:2)
  A gnoll (Orc:2)
  4 orcs
9 creatures vanquished.

Grand Total: 268 creatures vanquished

Notes
Turn   | Place    | Note
-------+----------+-------------------------------------------
     0 | D:1      | Icebitter the Minotaur Berserker began the quest for the
                  | Orb.
     0 | D:1      | Reached XP level 1. HP: 19/19 MP: 0/0
   167 | D:1      | Reached skill level 4 in Axes
   167 | D:1      | Reached XP level 2. HP: 27/27 MP: 1/1
   291 | D:1      | Found a faded altar of an unknown god.
   808 | D:2      | Reached XP level 3. HP: 33/33 MP: 2/2
   900 | D:2      | Reached ** piety under Trog
   984 | D:2      | Found Elios's Magic Scroll Emporium.
   993 | D:2      | Bought 2 scrolls of identify for 40 gold pieces
  1116 | D:2      | Noticed Terence
  1121 | D:2      | Killed Terence
  1122 | D:2      | Reached XP level 4. HP: 41/41 MP: 3/3
  1531 | D:3      | Reached skill level 5 in Axes
  1627 | D:3      | Noticed Natasha
  1637 | D:3      | Killed Natasha
  1691 | D:3      | Noticed Natasha
  1703 | D:3      | Killed Natasha
  1704 | D:3      | Reached XP level 5. HP: 36/47 MP: 4/4
  1848 | D:3      | Noticed Natasha
  1852 | D:3      | Killed Natasha
  2039 | D:3      | Reached skill level 5 in Fighting
  2175 | D:4      | Noticed a steam dragon
  2189 | D:4      | Killed a steam dragon
  2190 | D:4      | Reached skill level 6 in Axes
  2190 | D:4      | Reached XP level 6. HP: 16/56 MP: 5/5
  2355 | D:4      | Reached *** piety under Trog
  2359 | D:4      | Noticed Duvessa
  2359 | D:4      | Noticed Dowan
  2408 | D:4      | Killed Duvessa
  2455 | D:4      | Reached skill level 7 in Axes
  2455 | D:4      | Reached XP level 7. HP: 62/62 MP: 6/6
  2486 | D:4      | Killed Dowan
  2686 | D:4      | Noticed Robin
  2704 | D:4      | Reached skill level 5 in Armour
  2704 | D:4      | Killed Robin
  2834 | D:4      | Noticed Blork the orc
  2851 | D:4      | Killed Blork the orc
  2855 | D:4      | Found a staircase to the Ecumenical Temple.
  3166 | D:5      | Entered Level 5 of the Dungeon
  3243 | D:5      | Reached skill level 8 in Axes
  3390 | D:5      | Reached skill level 1 in Maces & Flails
  3393 | D:5      | Reached XP level 8. HP: 57/70 MP: 7/7
  4080 | D:6      | Reached skill level 5 in Dodging
  4116 | D:6      | Noticed a troll
  4128 | D:6      | Killed a troll
  4317 | D:6      | Reached skill level 1 in Stealth
  4326 | D:6      | Reached skill level 5 in Maces & Flails
  4331 | D:6      | Reached XP level 9. HP: 32/78 MP: 8/8
  4578 | D:6      | Reached **** piety under Trog
  5187 | D:7      | Noticed Pikel
  5203 | D:7      | Killed Pikel
  6053 | D:8      | Identified the +1 scale mail of the Eternal Void {rPois
                  | rC++ rCorr Dex-5}
  6308 | D:8      | Reached XP level 10. HP: 79/90 MP: 9/9
  6412 | D:8      | Found a staircase to the Lair.
  6846 | D:9      | Noticed Grum
  6858 | D:9      | Killed Grum
  6859 | D:9      | Reached skill level 10 in Maces & Flails
  7241 | D:9      | Found a shimmering altar of Xom.
  7298 | D:9      | Noticed Jeremiah
  7313 | D:9      | Killed Jeremiah
  7718 | D:10     | Entered Level 10 of the Dungeon
  7759 | D:10     | Reached skill level 9 in Axes
  7849 | D:10     | Found a staircase to the Orcish Mines.
  7921 | D:10     | Noticed a two-headed ogre
  7926 | D:10     | Killed a two-headed ogre
  8166 | D:10     | Reached skill level 10 in Axes
  8422 | D:10     | Reached ***** piety under Trog
  8435 | D:10     | Reached XP level 11. HP: 79/97 MP: 10/10
  8661 | Orc:1    | Entered Level 1 of the Orcish Mines
  8683 | Orc:1    | Noticed Harold
  8694 | Orc:1    | Killed Harold
  8699 | Orc:1    | Noticed an orc sorcerer
  8705 | Orc:1    | Killed an orc sorcerer
  8706 | Orc:1    | Reached skill level 10 in Fighting
  8706 | Orc:1    | Reached skill level 11 in Axes
  8957 | Orc:2    | Entered Level 2 of the Orcish Mines
  8957 | Orc:2    | Noticed an orc knight
  8964 | Orc:2    | Killed an orc knight
  9215 | Orc:2    | Reached skill level 12 in Axes
  9217 | Orc:2    | Noticed an orc knight
  9224 | Orc:2    | Noticed an orc knight
  9247 | Orc:2    | Killed an orc knight
  9254 | Orc:2    | Killed an orc knight
  9254 | Orc:2    | HP: 7/151 [orc warrior/+0 glaive[an orc knight] (16)]
  9256 | Orc:2    | Mangled by an orc warrior

Illustrated notes

Levels and vault maps discovered:
D:1:      nicolae_arrival_memento_mori, layout_loops_ring,
          hellmonk_ecumenical_altar_crossroads
D:2:      layout_basic, serial_shops, shop_statue, nicolae_the_louvre,
          uniq_terence
D:3:      layout_rooms, uniq_natasha
D:4:      layout_rooms, minmay_temple_entry_slanted, uniq_duvessa,
          uniq_blork_the_orc, uniq_robin
D:5:      layout_basic
D:6:      layout_cave_pools, minmay_microvault
D:7:      layout_gridville, uniq_pikel
D:8:      layout_basic, lair_entry_dummy
D:9:      layout_basic, mainiacjoe_overflow_catwalk,
          chequers_serial_rivers_small_3, uniq_jeremiah, uniq_grum
D:10:     layout_loops_ring, minmay_orc_entry_temple_small
Orc:1:    layout_caves, mines2_david, uniq_harold
Orc:2:    st_orc_town, layout_caves

Skill      XL: |  1  2  3  4  5  6  7  8  9 10 11 |
---------------+----------------------------------+-----
Axes           | 4 5 6 7 8 10 12 | 12.5
Fighting       | 4 5 6 8 9 10 | 10.5
Armour         | 3 4 5 6 7 |  7.7
Dodging        | 3 4 5 6 7 |  7.7
Maces & Flails | 1 5 9 11 | 11.3
Stealth        | 1 2 |  2.0

Action                     |  1- 3 |  4- 6 |  7- 9 | 10-12 || total
---------------------------+-------+-------+-------+-------++-------
  Melee: Hand axe          |    72 |    91 |    50 |       ||   213
         Headbutt          |    10 |    10 |    49 |    33 ||   102
         Punch             |       |     2 |       |     3 ||     5
         Dire flail        |       |       |   198 |    46 ||   244
         Broad axe         |       |       |       |   166 ||   166
 Invoke: Berserk           |       |     4 |     4 |     4 ||    12
         Brothers in Arms  |       |       |       |     2 ||     2
    Use: Scroll            |     1 |     4 |       |     6 ||    11
         Potion            |       |       |     2 |       ||     2
 Armour: Chain mail        |    53 |   100 |    11 |       ||   164
         Animal skin       |     1 |       |       |       ||     1
         Steam dragon scal |       |       |   164 |    17 ||   181
         Plate armour      |       |       |       |   124 ||   124
  Dodge: Dodged            |    39 |    58 |   226 |   190 ||   513

Table legend: (Time is in decaauts)
 A = Elapsed time spent in this place.
 B = Non-inter-level travel time spent in this place.
 C = Inter-level travel time spent in this place.
 D = Time resting spent in this place.
 E = Time spent auto-exploring this place.
 F = Levels seen in this place.
 G = Mean time per level.
                   A        B        C        D        E       F      G
               +--------+--------+--------+--------+--------+-----+--------+
         Total |   9318 |   8320 |    998 |      0 |   6792 |  12 |  776.5 |
       Dungeon |   8719 |   7818 |    901 |      0 |   6441 |  10 |  871.9 |
  Orcish Mines |    599 |    502 |     97 |      0 |    350 |   2 |  299.5 |
               +--------+--------+--------+--------+--------+-----+--------+

Top non-repeatable levels by time:
     D:7: 1159 daAuts
     D:5: 1125 daAuts
    D:10: 941 daAuts
     D:3: 907 daAuts
     D:9: 886 daAuts
     D:1: 802 daAuts
     D:4: 788 daAuts
     D:8: 778 daAuts
     D:2: 727 daAuts
     D:6: 601 daAuts
   Orc:1: 400 daAuts
   Orc:2: 199 daAuts
